 Dungeon Crawl Stone Soup version 0.32-a0-918-g0f22ef8d61 (webtiles) character file.

Game seed: 16892334840073700000

86 crux the Ruffian (level 4, -1/42 HPs)
             Began as an Octopode Shapeshifter on Apr 9, 2024.
             Slain by a goblin
             ... wielding a +0 dagger
             ... led by Robin
              (2 damage)
             ... on level 3 of the Dungeon on Apr 10, 2024.
             The game lasted 00:08:37 (1699 turns).

crux the Ruffian (Octopode Shapeshifter)            Turns: 1699, Time: 00:08:39

Health: -1/42      AC: 22    Str: 15    XL:     4   Next: 50%
Magic:  4/4        EV:  2    Int: 12    God:
Gold:   132        SH:  0    Dex: 11    Spells: 3/3 levels left

rFire   . .          .
                       - Unarmed
rCold   . . .        (no shield)
rNeg    . . .        (helmet currently unavailable)
rPois   +            (no amulet)
rElec   .            (no ring)
rCorr   .            (no ring)
SInv    .            (no ring)
Will    +....        (no ring)
Stlth   ++           (no ring)
HPRegen 0.27/turn    (no ring)
MPRegen 0.09/turn    (no ring)
                     (no ring)

%: no passive effects
@: brilliant, tree-form, enlightened
A: stationary, stasis, torment immunity, boosted hp, almost no armour,
(amphibious), 8 rings, (camouflage 1), (gelatinous body 1), (nimble swimmer 1),
(tentacles)
a: no special abilities


You were on level 3 of the Dungeon.
You were a tree.
You visited 1 branch of the dungeon, and saw 3 of its levels.

You collected 132 gold pieces.

Inventory:

Talismans
 b - a beast talisman (active)
 c - a flux talisman
Scrolls
 e - 4 scrolls of teleportation
 g - a scroll of identify
 j - 2 scrolls of immolation
Potions
 h - a potion of brilliance


   Skills:
 + Level 1.4 Fighting
 + Level 2.1 Dodging
 + Level 2.9 Stealth
 + Level 3.9 Unarmed Combat
 + Level 3.5 Shapeshifting


You had 3 spell levels left.
You didn't know any spells.
Your spell library contained the following spells:

 Spells                   Type           Power      Damage    Failure   Level
 Apportation              Tloc           0%         N/A       32%         1
 Freeze                   Ice            0%         1d3       32%         1
 Necrotise                Necr           0%         1d4       32%         1
 Sting                    Conj/Alch      0%         1d3       32%         1
 Summon Small Mammal      Summ           0%         N/A       32%         1
 Frozen Ramparts          Ice            0%         1d1       69%         3
 Hailstorm                Conj/Ice       0%         3d5       69%         3
 Leda's Liquefaction      Alch/Erth      0%         N/A       97%         4
 Lee's Rapid Deconstruct  Erth           0%         3d4*      100%        5
 Permafrost Eruption      Ice/Erth       0%         2x4d1     100%        6
 Chain Lightning          Conj/Air       0%         N/A       100%        9
 Fire Storm               Conj/Fire      0%         5d1       100%        9
 Shatter                  Erth           0%         3d5*      100%        9


Dungeon Overview and Level Annotations

Branches:
Dungeon (3/15)

Altars:

Annotations:
D:3 Robin


Innate Abilities, Weirdness & Mutations

You are a tree.
Your roots penetrate the ground, keeping you stationary.
You cannot be teleported.
You are immune to unholy pain and torment.
Your maximum health is greatly increased.
You cannot wear most types of armour.
((You are amphibious.))
You can wear up to eight rings at the same time.
((Your skin changes colour to match your surroundings (Stealth+).))
((Your rubbery body absorbs attacks. (AC +1, EV +1)))
((You are camouflaged when in or above water. (Stealth+)))
((You have tentacles for arms and can constrict up to eight enemies at once.))


Message History

You hit Robin.
Robin is lightly wounded.
The hobgoblin hits you but does no damage.
The hobgoblin barely misses you.
The goblin hits you but does no damage. x2
The hobgoblin hits you but does no damage.
Robin roars a battlecry!
The goblins go into a battle-frenzy!
The goblin hits you but does no damage. x2
Level annotation: Robin Welcome back, crux the Octopode Shapeshifter.
Press ? for a list of commands and other information.
It was a potion of magic.
Magic courses through your body.
The hobgoblin hits you but does no damage. x2
The goblin barely misses you. The hobgoblin hits you.
* * * LOW HITPOINT WARNING * * *
The goblin completely misses you.
The goblin hits you but does no damage. x2
It was a potion of enlightenment.
Your roots keep you in place.
The hobgoblin hits you but does no damage. x2
The goblin hits you but does no damage. The goblin barely misses you.
The hobgoblin hits you but does no damage.
Robin hits you but does no damage.
The goblin hits you but does no damage. x2
You aren't carrying any items that you can evoke.
Unknown command.
As you read the scroll labelled SICKAO DIRICU, it crumbles to dust.
It is a scroll of identify.
e - 4 scrolls of teleportation The hobgoblin hits you but does no damage.
The hobgoblin barely misses you. The goblin hits you with a +0 club.
* * * LOW HITPOINT WARNING * * *
The goblin barely misses you.
The hobgoblin hits you but does no damage.
The goblin hits you but does no damage. x2
As you read the scroll labelled VAPAXE ULE MEE, it crumbles to dust.
The creatures around you are filled with an inner flame!
It was a scroll of immolation.
The hobgoblin hits you but does no damage.
The goblin completely misses you.
The hobgoblin hits you but does no damage. x2
The goblin hits you but does no damage. The goblin hits you with a +0 dagger.
You die...

############
#..........#
#......(...#
#..ggg.....#
#..g♣g..(..#
#.$ggg.....#
#...g......#
#..........#
#.........)#
#.###.....<.
.? ....###
##. ###.#


You could see Robin (inner flame), 3 hobgoblins and 5 goblins.

Vanquished Creatures
  4 adders (D:2)
  A ribbon worm (D:2)
  2 dart slugs (D:2)
  An orc (D:2)
  3 endoplasms
  A giant cockroach (D:1)
  7 goblins
  8 hobgoblins
  2 quokkas (D:2)
  A ball python (D:1)
  3 bats
  4 frilled lizards
  3 kobolds
40 creatures vanquished.

Notes
Turn   | Place    | Note
-------+----------+-------------------------------------------
     0 | D:1      | crux the Octopode Shapeshifter began the quest for the Orb.
     0 | D:1      | Reached XP level 1. HP: 13/13 MP: 1/1
   263 | D:1      | Reached XP level 2. HP: 18/18 MP: 2/2
   866 | D:2      | Reached skill level 1 in Stealth
   866 | D:2      | Reached XP level 3. HP: 17/23 MP: 3/3
  1226 | D:2      | Upgraded the game from 0.32-a0-913-g739538afd8 to
                  | 0.32-a0-918-g0f22ef8d61
  1341 | D:2      | Reached XP level 4. HP: 22/28 MP: 4/4
  1668 | D:3      | Noticed Robin
  1692 | D:3      | HP: 2/42 [goblin/+0 dagger[Robin] (3)]
  1698 | D:3      | HP: 1/42 [goblin/+0 club[Robin] (1)]
  1699 | D:3      | Slain by a goblin

Illustrated notes

Levels and vault maps discovered:
D:1:      amcnicky_arrival_double_pillar, layout_loops_cross,
          grunt_decor_clamped
D:2:      layout_loops_ring, minmay_octomino_j4
D:3:      layout_rooms, gammafunk_temple_overflow_forgotten,
          kennysheep_generic_room_10, uniq_robin

Skill      XL: |  1  2  3  4 |
---------------+-------------+-----
Stealth        | 1 2 |  2.9
Fighting       | |  1.4
Dodging        | |  2.1
Unarmed Combat | |  3.9
Shapeshifting  | |  3.5

Action                     |  1- 3 |  4- 6 || total
---------------------------+-------+-------++-------
  Melee: Unarmed           |    54 |    26 ||    80
         Constrict         |    19 |     3 ||    22
         Tentacles         |    11 |     1 ||    12
         Punch             |     1 |       ||     1
    Use: Potion            |       |     6 ||     6
         Scroll            |       |     2 ||     2
   Stab: Sleeping          |    11 |     3 ||    14
 Armour: Skin              |    20 |   119 ||   139
  Dodge: Dodged            |    18 |    21 ||    39

Table legend: (Time is in decaauts)
 A = Elapsed time spent in this place.
 B = Non-inter-level travel time spent in this place.
 C = Inter-level travel time spent in this place.
 D = Time resting spent in this place.
 E = Time spent auto-exploring this place.
 F = Levels seen in this place.
 G = Mean time per level.
                   A        B        C        D        E       F      G
               +--------+--------+--------+--------+--------+-----+--------+
         Total |   1693 |   1629 |     64 |     43 |   1288 |   3 |  564.3 |
       Dungeon |   1693 |   1629 |     64 |     43 |   1288 |   3 |  564.3 |
               +--------+--------+--------+--------+--------+-----+--------+

Top non-repeatable levels by time:
     D:1: 841 daAuts
     D:2: 827 daAuts
     D:3: 25 daAuts
